 Dungeon Crawl Stone Soup version 0.23.2-1-ga50397a (webtiles) character file.

Game seed: 14451795385881449054

217 dvd the Skirmisher (level 5, -7/42 HPs)
             Began as a Mummy Fighter on May 9, 2019.
             Mangled by a troll (10 damage)
             ... on level 5 of the Dungeon.
             The game lasted 00:05:48 (3066 turns).

dvd the Skirmisher (Mummy Fighter)                  Turns: 3066, Time: 00:05:48

Health: -7/42      AC:  7    Str: 24    XL:     5   Next: 61%
Magic:  5/5        EV:  8    Int:  7    God:
Gold:   52         SH:  9    Dex: 11    Spells: 4/4 levels left

rFire    . . .     SeeInvis .   q - +1 mace "Vuafa" {venom, rPois rC+ Str+3}
rCold    + + .     Gourm    .   c - +0 shield
rNeg     + + +     Faith    .   b - +0 scale mail
rPois    ∞         Spirit   .   (no helmet)
rElec    .         Reflect  .   (no cloak)
rCorr    .         Harm     .   f - +0 pair of gloves
MR       .....                  (no boots)
Stlth    ..........             (no amulet)
HPRegen  0.14/turn              r - ring of protection from fire
MPRegen  0.09/turn              (no ring)

@: no status effects
A: no food or potions, fire vulnerability, cold resistance 1, negative energy
resistance 3, torment resistance, unbreathing
a: no special abilities


You were on level 5 of the Dungeon.
You were not hungry.

You visited 1 branch of the dungeon, and saw 5 of its levels.

You collected 236 gold pieces.
You spent 184 gold pieces at shops.

Inventory:

Hand Weapons
 a - a +0 war axe
 k - a +2 hand axe of chopping
 q - the +1 mace "Vuafa" (weapon) {venom, rPois rC+ Str+3}
   (You bought it in a shop on level 4 of the Dungeon)

   It poisons the flesh of those it strikes.
   It affects your strength (+3).
   It protects you from cold.
   It protects you from poison.
Missiles
 o - a tomahawk (quivered)
Armour
 b - a +0 scale mail (worn)
 c - a +0 shield (worn)
 f - a +0 pair of gloves (worn)
 n - +0 steam dragon scales
Jewellery
 d - an uncursed ring of fire
 r - a ring of protection from fire (left hand)
Scrolls
 h - a scroll of magic mapping
 j - a scroll of remove curse
 m - 3 scrolls of identify


   Skills:
 + Level 3.7 Fighting
 + Level 3.1 Axes
 + Level 0.2 Throwing
 * Level 2.8 Armour
 + Level 1.4 Dodging
 + Level 1.1 Stealth
 + Level 3.0 Shields


You had 4 spell levels left.
You didn't know any spells.
Your spell library was empty.

Dungeon Overview and Level Annotations

Branches:
Dungeon (5/15)
 Temple: D:4-7

Altars:
Fedhas
Trog

Shops:
D:4 *


Innate Abilities, Weirdness & Mutations

You do not eat or drink.
Your flesh is vulnerable to fire.
You are immune to poison.
Your flesh is cold resistant. (rC+)
You are immune to negative energy. (rN+++)
You are immune to unholy pain and torment.
You can survive without breathing.


Message History

You kill the leopard gecko!
A troll comes into view.
The troll shouts!
You see here a leopard gecko corpse.
Throwing (i - inventory)
o - 2 tomahawks (quivered)
Press: ? - help, Shift-Dir - straight line, f - troll
Aim: a troll You throw a tomahawk.
The tomahawk hits the troll.
The troll is lightly wounded.
You closely miss the troll. You block the troll's attack. The troll claws you!
The troll closely misses you.
You closely miss the troll. The troll bites you! The troll claws you!
* * * LOW HITPOINT WARNING * * *
The troll claws you.
* * * LOW HITPOINT WARNING * * *
Your shield and scale mail prevent you from hitting the troll.
The troll bites you!
* * * LOW HITPOINT WARNING * * *
The troll barely misses you. You block the troll's attack. The troll bites you!
You die...

,#.........#.# *
,#....##.####* *
,#.##**#....#
,#.########.#######
,#.....†...T#.....#
...#######..#.###.#
*,,,,,,,,#..#.# #.########
,,,,,,,,,#....###........#
,,,,,,,,,##.###.@.......=#
,,,,,,,,,*#.###T#........#
,,,,,,,,,*#..(..#........#
,,,,,,,,,*#######........#
,,,,,,,,,*
#........########
*,,,,,,,,*
#...............#
**********
#...............#
########........#
#....._..#


You could see a troll.

Vanquished Creatures
  3 iguanas
  A worker ant (D:4)
  3 adders
  An ooze (D:4)
  4 dart slugs
  4 leopard geckos
  An orc (D:3)
  7 bats
  6 giant cockroaches
  7 goblins
  7 hobgoblins
  9 jackals
  3 kobolds
  3 quokkas
  3 frilled lizards
  6 rats
68 creatures vanquished.

Notes
Turn   | Place    | Note
-------+----------+-------------------------------------------
     0 | D:1      | dvd the Mummy Fighter began the quest for the Orb.
     0 | D:1      | Reached XP level 1. HP: 18/18 MP: 1/1
   102 | D:1      | Reached XP level 2. HP: 20/24 MP: 2/2
   731 | D:2      | Reached XP level 3. HP: 29/29 MP: 3/3
  1576 | D:3      | Reached XP level 4. HP: 35/35 MP: 4/4
  2201 | D:3      | Found a blossoming altar of Fedhas.
  2508 | D:4      | Found Tieni's Assorted Antiques.
  2515 | D:4      | Bought an encrusted mace for 184 gold pieces
  2515 | D:4      | Identified the cursed +1 mace "Vuafa" {venom, rPois rC+
                  | Str+3} (You bought it in a shop on level 4 of the Dungeon)
  2537 | D:4      | Reached XP level 5. HP: 40/42 MP: 5/5
  2604 | D:4      | Reached skill level 1 in Stealth
  2865 | D:5      | Entered Level 5 of the Dungeon
  2884 | D:5      | Found a bloodstained altar of Trog.
  2923 | D:5      | Reached skill level 1 in Dodging
  3043 | D:5      | Noticed a troll
  3066 | D:5      | Mangled by a troll

Skill      XL: |  1  2  3  4  5 |
---------------+----------------+-----
Axes           | 2 3 |  3.1
Shields        | 3 |  3.0
Stealth        | 1 |  1.1
Dodging        | 1 |  1.4
Fighting       | |  3.7
Throwing       | |  0.2
Armour         | |  2.8

Action                   |  1- 3 |  4- 6 || total
-------------------------+-------+-------++-------
Melee: War axe           |    84 |       ||    84
       Hand axe          |    27 |    78 ||   105
       Mace              |       |    31 ||    31
Throw: Tomahawk          |       |     3 ||     3
  Use: Scroll            |       |     6 ||     6
Armor: Scale mail        |    61 |     1 ||    62
       Steam dragon scal |       |    21 ||    21
Dodge: Dodged            |    41 |    42 ||    83
Block: Shield            |    64 |    64 ||   128
